 Dungeon Crawl Stone Soup version 0.27.0-1-g7a089689b8 (webtiles) character file.

Game seed: 1154959449820045309

10399 SnakkuSnakku7 the Cleaver (level 11, -1/55 HPs)
             Began as a Vine Stalker Berserker on Aug 11, 2021.
             Was a High Priest of Trog.
             Succumbed to a death drake's dark miasma
             ... in a Gauntlet.
             The game lasted 00:12:03 (7662 turns).

SnakkuSnakku7 the Cleaver (Vine Stalker Berserker)  Turns: 7662, Time: 00:12:03

Health: -1/55      AC: 14    Str: 23    XL:     11   Next: 61%
Magic:  4/12       EV: 13    Int:  7    God:    Trog [*****.]
Gold:   487        SH:  6    Dex: 24    Spells: 10/10 levels left

rFire    . . .     SeeInvis .   a - +4 war axe (vorpal)
rCold    + . .     Faith    .   m - +0 buckler
rNeg     . . .     Spirit   +   p - +2 chain mail {rC+}
rPois    .         Reflect  .   A - +0 helmet
rElec    .         Harm     .   (no cloak)
rCorr    .         Rampage  +   (no gloves)
Will     +++++     NoTele   +   d - +2 pair of boots of Oblivion {Rampage *Slow Will++ Dex+4 Stlth+}
Stlth    ..........             n - amulet of regeneration
HPRegen  3.18/turn              i - +6 ring of dexterity
MPRegen  0.13/turn              w - +4 ring of evasion

@: lethally poisoned (-1 -> -14), strong-willed, regenerating, slowed, very slow
A: fangs 3, regeneration 1, magic shield, antimagic bite, no potion heal 2
a: Renounce Religion, Berserk, Trog's Hand, Brothers in Arms


You were in a Gauntlet.
You worshipped Trog.
Trog was extremely pleased with you.
You visited 1 branch of the dungeon, and saw 11 of its levels.
You also visited: Gauntlet.

You collected 619 gold pieces.
You spent 132 gold pieces at shops.

Inventory:

Hand Weapons
 a - a +4 vorpal war axe (weapon)
 b - a +2 war axe of flaming
 C - a +1 broad axe
Armour
 d - the +2 pair of boots of Oblivion (worn) {Rampage *Slow Will++ Dex+4 Stlth+}
   (You found it in a Gauntlet)

   Dex:       It affects your dexterity (+4).
   *Slow:     It may slow you when you take damage.
   Rampage:   It bestows one free step when moving towards enemies.
   Will:      It greatly increases your willpower.
   Stlth:     It makes you more stealthy.
 m - a +0 buckler (worn)
 p - a +2 chain mail of cold resistance (worn)
 A - a +0 helmet (worn)
 G - a +0 kite shield
Jewellery
 i - a +6 ring of dexterity (left hand)
 n - an amulet of regeneration (around neck)
 q - a ring of resist corrosion
 w - a +4 ring of evasion (right hand)
 F - a +6 ring of strength
 K - a ring of ice
Wands
 c - a wand of polymorph (7)
 o - a wand of acid (17)
 y - a wand of iceblast (9)
 D - a wand of paralysis (7)
 E - a wand of flame (37)
Scrolls
 l - 3 scrolls of immolation
 s - 2 scrolls of teleportation
 v - a scroll of fear {unknown}
 x - a scroll of enchant armour
 B - a scroll of fog {unknown}
 I - a scroll of enchant weapon
Potions
 e - 3 potions of curing
 f - a potion of brilliance {unknown}
 r - 2 potions of lignification
 t - 2 potions of ambrosia
 u - a potion of mutation
 J - a potion of flight


   Skills:
 - Level 5.0 Fighting
 + Level 14.9 Axes
 - Level 1.5 Armour
 - Level 1.5 Dodging
 - Level 4.0 Shields


You had 10 spell levels left.
You didn't know any spells.
Your spell library was empty.

Dungeon Overview and Level Annotations

Branches:
Dungeon (11/15)            Temple (0/1) D:5            Lair (0/6) D:10
    Orc (0/2) D:10        Gauntlet (1/1)

Altars:
Ashenzari
Elyvilon
Fedhas
Gozag
Hepliaklqana
Kikubaaqudgha
Makhleb
Nemelex Xobeh
Okawaru
Qazlal
Trog
Xom
The Shining One
Beogh

Shops:
D:7 [   D:10 (

Annotations:
Gauntlet 12 transporters


Innate Abilities, Weirdness & Mutations

You have razor-sharp teeth.
Your natural rate of healing is unusually fast.
When hurt, damage is shared between your health and your magic reserves.
Your bite disrupts and absorbs the magic of your enemies.
Potions cannot restore your health.


Message History

The spectral centaur warrior hits you but does no damage.
The spectral centaur warrior misses you.
You hit the spectral centaur warrior.
Your bite misses the spectral centaur warrior.
The spectral centaur warrior is moderately damaged.
You hit the death drake.
You are engulfed in dark miasma.
You are more poisoned.
You feel yourself slow down.
You feel very sick. The spectral centaur warrior hits you.
The spectral centaur warrior barely misses you.
You hit the spectral centaur warrior but do no damage.
You bite the spectral centaur warrior! You drain its power.
You feel invigorated.
The spectral centaur warrior is heavily damaged.
You hit the death drake.
You are engulfed in dark miasma.
You are more poisoned.
You feel extremely sick.
The spectral centaur warrior hits you but does no damage.
The spectral centaur warrior misses you.
The death drake bites you but does no damage.
The spectral centaur warrior closely misses you.
The spectral centaur warrior kicks you but does no damage.
You block the death drake's attack.
It was a potion of curing.
Your system rejects the healing.
You feel better.
The spectral centaur warrior misses you. x2
You block the death drake's attack. The spectral centaur warrior hits you.
You block the spectral centaur warrior's attack.
The death drake breathes miasma at you. The foul vapour engulfs you!
You are poisoned.
* * * LOW HITPOINT WARNING * * *
Okay, then.
Okay, then.
Your skin crawls.
You feel strong-willed.
You are engulfed in dark miasma.
You are more poisoned.
* * * LOW HITPOINT WARNING * * *
You die...

#........#.#...........≈.........
...#######.#######....≈8≈....####
...#©...........©#....§≈.....#©..
######################...########
.......GG#≈#.........#...##p5##.#
..##.##.u#≈#.#.#.#.#.#...####.#..
.#..#..#.#≈#..#Z#.#..#...##5##.##
.#.©#..#.#≈#.#Z#k#°#.#...#p#5.#..
..#####..#8#..#Z@°#..#...###.####
.#..#..#.#≈#.#°#°#°#.#...##5.###.
.#..#..#.#≈#..#°#°#..#...##..####
..##.##..#≈#.#.#.#.#.#...###5#.##
...[©)?..#≈#k.[?©)...#.§.##.#5©[$
######################...########
...#©...........©#.....§.....#©..
...#######.#######....≈8≈....####
#........#.#.... ......≈.........


You could see a death drake (catching breath), a spectral wolf spider, a
spectral centaur warrior and a wolf spider zombie.

Vanquished Creatures
  Erica (D:8)
  A soul eater (Gauntlet)
  2 cyclopes (D:11)
  A gargoyle (D:11)
  Maggie (D:10)
  A kobold demonologist (D:10)
  2 komodo dragons
  2 shadows (D:9)
  4 wyverns
  15 yaks
  Menkaure (D:6)
  3 orc warriors
  A spectral hornet (Gauntlet)
  A black bear (D:5)
  A necrophage (D:6)
  An ice beast (D:5)
  3 sky beasts
  A hornet zombie (D:7)
  A centaur (D:9)
  2 ogres
  A kobold brigand (D:8)
  2 phantoms
  A bullfrog (D:9)
  A wyvern zombie (D:8)
  A scorpion (D:5)
  A water moccasin skeleton (D:7)
  4 killer bees (D:7)
  7 wights (D:8)
  7 howler monkeys
  6 centaur zombies
  3 hounds
  4 orc priests
  2 bullfrog skeletons
  2 centaur skeletons
  Ijyb (D:3)
  6 iguanas
  6 orc wizards
  Natasha (thrice) (D:2)
  A killer bee zombie (D:8)
  A howler monkey skeleton (D:5)
  4 adders
  6 shadow imps
  2 white imps (D:5)
  An ufetubus (D:6)
  A worm (D:3)
  A dart slug (D:2)
  45 orcs
  9 ball pythons
  9 endoplasms
  5 giant cockroaches
  6 goblins
  11 hobgoblins
  10 jackals
  6 kobolds
  5 quokkas
  3 bats
  11 frilled lizards
  6 rats
246 creatures vanquished.

Vanquished Creatures (others)
  6 fungi (Gauntlet)
  26 plants
32 creatures vanquished.

Grand Total: 278 creatures vanquished

Notes
Turn   | Place    | Note
-------+----------+-------------------------------------------
     0 | D:1      | SnakkuSnakku7 the Vine Stalker Berserker began the quest
                  | for the Orb.
     0 | D:1      | Reached XP level 1. HP: 11/11 MP: 2/2
   406 | D:1      | Reached skill level 3 in Axes
   406 | D:1      | Reached XP level 2. HP: 13/16 MP: 1/3
   683 | D:1      | Reached XP level 3. HP: 13/20 MP: 2/4
   720 | D:1      | Reached ** piety under Trog
  1510 | D:2      | Gained mutation: Your natural rate of healing is unusually
                  | fast. [Vine Stalker growth]
  1510 | D:2      | Reached XP level 4. HP: 17/25 MP: 5/5
  1637 | D:2      | Noticed Natasha
  1642 | D:2      | Killed Natasha
  1741 | D:2      | Noticed Natasha
  1748 | D:2      | Killed Natasha
  1749 | D:2      | Reached skill level 4 in Axes
  1862 | D:2      | Noticed Natasha
  1874 | D:2      | Killed Natasha
  1875 | D:2      | Reached XP level 5. HP: 26/29 MP: 4/6
  1947 | D:3      | Noticed a sky beast
  1953 | D:3      | Killed a sky beast
  1954 | D:3      | Reached XP level 6. HP: 34/34 MP: 7/7
  1959 | D:3      | Found a faded altar of an unknown god.
  1982 | D:3      | Reached *** piety under Trog
  1996 | D:3      | Found a bloodstained altar of Trog.
  2073 | D:3      | Noticed Ijyb
  2086 | D:3      | Killed Ijyb
  2112 | D:3      | Found a glowing golden altar of the Shining One.
  2770 | D:4      | Reached skill level 5 in Fighting
  2770 | D:4      | Reached skill level 5 in Axes
  2811 | D:4      | Found a white marble altar of Elyvilon.
  3072 | D:4      | Reached XP level 7. HP: 37/39 MP: 6/8
  3188 | D:5      | Entered Level 5 of the Dungeon
  3286 | D:5      | Reached skill level 1 in Shields
  3287 | D:5      | Reached skill level 6 in Axes
  3326 | D:5      | Found a staircase to the Ecumenical Temple.
  3343 | D:5      | Gained mutation: You have razor-sharp teeth. [Vine Stalker
                  | growth]
  3343 | D:5      | Reached XP level 8. HP: 43/43 MP: 7/9
  3376 | D:5      | Reached **** piety under Trog
  3411 | D:5      | Found a shimmering altar of Xom.
  3512 | D:5      | Reached skill level 7 in Axes
  3677 | D:6      | Found an ancient bone altar of Kikubaaqudgha.
  3726 | D:6      | Found an opulent altar of Gozag.
  3920 | D:6      | Noticed Menkaure
  3933 | D:6      | Killed Menkaure
  3934 | D:6      | Reached skill level 8 in Axes
  4033 | D:6      | Found a broken altar of Ashenzari.
  4034 | D:6      | Found a stormy altar of Qazlal.
  4036 | D:6      | Found an iron altar of Okawaru.
  4119 | D:6      | Found a blossoming altar of Fedhas.
  4175 | D:7      | Found a large runed translucent door.
  4191 | D:7      | Reached XP level 9. HP: 47/47 MP: 10/10
  4282 | D:7      | Found a large runed translucent door.
  4292 | D:7      | Found a hazy altar of Hepliaklqana.
  4300 | D:7      | Reached skill level 9 in Axes
  4303 | D:7      | Found a burning altar of Makhleb.
  4343 | D:7      | Noticed a komodo dragon
  4360 | D:7      | Killed a komodo dragon
  4432 | D:7      | Identified the +2 robe of the Sacrificial Victim {Str+4}
  4496 | D:7      | Reached skill level 10 in Axes
  4559 | D:7      | Found Afi Zif's Armour Emporium.
  4589 | D:7      | Reached ***** piety under Trog
  5012 | D:8      | Reached skill level 11 in Axes
  5073 | D:8      | Noticed Erica
  5126 | D:8      | Reached XP level 10. HP: 51/51 MP: 11/11
  5126 | D:8      | Killed Erica
  5488 | D:9      | Reached skill level 12 in Axes
  6194 | D:10     | Entered Level 10 of the Dungeon
  6194 | D:10     | Found Jylexuc's Antique Weapon Boutique.
  6197 | D:10     | Bought a broad axe for 132 gold pieces
  6209 | D:10     | Found a staircase to the Orcish Mines.
  6228 | D:10     | Reached skill level 13 in Axes
  6294 | D:10     | Found a staircase to the Lair.
  6405 | D:10     | Noticed a kobold demonologist
  6418 | D:10     | Killed a kobold demonologist
  6466 | D:10     | Found a sparkling altar of Nemelex Xobeh.
  6557 | D:10     | Reached XP level 11. HP: 54/55 MP: 12/12
  6559 | D:10     | Received a gift from Trog
  6840 | D:10     | Reached skill level 14 in Axes
  6890 | D:10     | Noticed Maggie
  6902 | D:10     | Killed Maggie
  7160 | D:11     | Noticed a cyclops
  7173 | D:11     | Killed a cyclops
  7206 | D:11     | Noticed a cyclops
  7232 | D:11     | Killed a cyclops
  7278 | D:11     | Found a gate leading to a gauntlet.
  7287 | Gauntlet | Entered a Gauntlet
  7287 | Gauntlet | Found a transporter.
  7287 | Gauntlet | Found a transporter.
  7291 | Gauntlet | Found a transporter.
  7294 | Gauntlet | Noticed a death drake
  7296 | Gauntlet | Noticed a wizard
  7298 | Gauntlet | Noticed a soul eater
  7300 | Gauntlet | Found a transporter.
  7302 | Gauntlet | Noticed a glowing orange brain
  7304 | Gauntlet | Noticed a glowing orange brain
  7314 | Gauntlet | Found a transporter.
  7315 | Gauntlet | Noticed a wizard
  7320 | Gauntlet | Found a transporter.
  7330 | Gauntlet | Found a transporter.
  7330 | Gauntlet | Found a transporter.
  7332 | Gauntlet | Noticed a dire elephant
  7335 | Gauntlet | Noticed a green ugly thing
  7383 | Gauntlet | Noticed a moth of wrath
  7399 | Gauntlet | Found a transporter.
  7414 | Gauntlet | Found a transporter.
  7429 | Gauntlet | Found a transporter.
  7441 | Gauntlet | Noticed a glowing orange brain
  7499 | Gauntlet | Found a transporter.
  7509 | Gauntlet | Noticed a red ugly thing
  7513 | Gauntlet | Found a transporter.
  7526 | Gauntlet | Found a transporter.
  7611 | Gauntlet | Killed a soul eater
  7620 | Gauntlet | Identified the +2 pair of boots of Oblivion {Rampage *Slow
                  | Will++ Dex+4 Stlth+}
  7649 | Gauntlet | Found a transporter.
  7662 | Gauntlet | Succumbed to a death drake's dark miasma

Illustrated notes

Levels and vault maps discovered:
D:1:      lightli_arrival_isolated_outpost, layout_loops_ring,
          columned_hall_lemuel, minmay_liquid_box, wad_floor_pattern_2,
          chequers_hall_statues_y, minmay_curled_crystal,
          chequers_serial_rivers_micro_a
D:2:      layout_basic, hex_intersection, st_stairs_1, minmay_unequal,
          uniq_natasha
D:3:      layout_rooms, trog_butcher_becter,
          mainiacjoe_overflow_surrounded_room,
          shapermc_ecumenical_altar_notcrosses, hex_large, uniq_ijyb
D:4:      layout_loops_ring, lemuel_crystal_altar
D:5:      layout_rooms, kennysheep_mini_moat, minmay_temple_entry_mini_moons,
          chequers_serial_rivers_large_a, st_stairs_3
D:6:      layout_rooms, overflow_temple_1_default, lemuel_tele_altar,
          nicolae_gozag_seed_capital, minitemple, uniq_menkaure
D:7:      layout_cave_pools, jmf_multi_god_temple2, kennysheep_crisscross,
          nicolae_stop_n_shop_2, minmay_lizard_king
D:8:      layout_basic, uniq_erica
D:9:      layout_basic, minivault_11
D:10:     layout_cave_pods, nemelex_diamond_rough_becter, lair_entry_dummy,
          minmay_orc_entry_temple_small, special_room [special_room_orc],
          nicolae_stop_n_shop_1, uniq_maggie
D:11:     layout_long_grid, gauntlet_entry_generic, serial_bayou_ford_a,
          nicolae_elyvilon_peaceful_grove
Gauntlet: gammafunk_gauntlet_branching [gammafunk_gauntlet_arena_hedges,
          nicolae_gauntlet_swirl, nicolae_gauntlet_arena_t_cross,
          gammafunk_gauntlet_arena_mazey, gammafunk_gauntlet_arena_grid,
          nicolae_gauntlet_arena_quarters, gammafunk_gauntlet_arena_crates,
          nicolae_gauntlet_arena_grate_2,
          nicolae_gauntlet_exit_dead_adventurers]

Skill      XL: |  1  2  3  4  5  6  7  8  9 10 11 |
---------------+----------------------------------+-----
Fighting       | 3 4 5 |  5.0
Axes           | 3 4 5 6 8 11 13 14 | 14.9
Shields        | 3 4 |  4.0
Armour         | |  1.5
Dodging        | |  1.5

Action                   |  1- 3 |  4- 6 |  7- 9 | 10-12 || total
-------------------------+-------+-------+-------+-------++-------
Melee: Hand axe          |    96 |   144 |   260 |    51 ||   551
       Bite              |    26 |    66 |   131 |   127 ||   350
       Broad axe         |       |       |       |    49 ||    49
       War axe           |       |       |       |   133 ||   133
Invok: Berserk           |     4 |     2 |     6 |     4 ||    16
       Trog's Hand       |       |       |     2 |     1 ||     3
Evoke: Wand              |       |       |     3 |       ||     3
  Use: Scroll            |       |       |     5 |    11 ||    16
       Potion            |       |       |       |     1 ||     1
 Stab: Sleeping          |     2 |     3 |       |       ||     5
Armor: Animal skin       |    25 |     6 |       |       ||    31
       Chain mail        |       |    27 |   124 |    70 ||   221
Dodge: Dodged            |    67 |    65 |   144 |    91 ||   367
Block: Buckler           |       |       |    31 |    54 ||    85
